 Dungeon Crawl Stone Soup version 0.30-a0-758-gc2c871d025 (webtiles) character file.

Game seed: 16378744925302826553

227 CrazyBamboolord the Shield-Bearer (level 6, -2/48 HPs)
             Began as a Formicid Fighter on Feb 10, 2023.
             Slain by a kobold brigand
             ... wielding a +2 dagger of protection
              (9 damage)
             ... in a sewer.
             The game lasted 00:05:31 (2922 turns).

CrazyBamboolord the Shield-Bearer (FoFi)            Turns: 2922, Time: 00:05:31

Health: -2/48      AC:  7    Str: 21    XL:     6   Next: 22%
Magic:  15/15      EV:  9    Int:  7    God:
Gold:   100        SH:  5    Dex: 15    Spells: 5/5 levels left

rFire   . . .      SeeInvis +    a - +1 long sword
rCold   . . .      Faith    .    c - +0 buckler
rNeg    . . .      Spirit   .    b - +0 scale mail
rPois   .          Reflect  .    (helmet unavailable)
rElec   .          Harm     .    (no cloak)
rCorr   .          Rampage  .    (no gloves)
Will    .....                    (no boots) Stlth
                                 (no amulet)
HPRegen 0.28/turn                k - ring of magical power
MPRegen 0.14/turn                (no ring)

@: no status effects
A: permanent stasis, dig shafts and tunnels, antennae 3, four strong arms
a: Dig


You were in a sewer.
You visited 1 branch of the dungeon, and saw 3 of its levels.
You also visited: Sewer.

You collected 100 gold pieces.

Inventory:

Hand Weapons
 a - a +1 long sword (weapon)
Armour
 b - a +0 scale mail (worn)
 c - a +0 buckler (worn)
 i - a +0 troll leather armour
Jewellery
 k - a ring of magical power (left hand)
Scrolls
 d - a scroll of poison
 e - 2 scrolls of fear
 f - a scroll of brand weapon {unknown}
Potions
 h - 2 potions of attraction
 l - 2 potions of flight
 m - a potion of curing
 o - a potion of berserk rage


   Skills:
 * Level 4.3 Fighting
 * Level 4.0 Long Blades
 * Level 4.5 Armour
 * Level 5.0 Shields


You had 5 spell levels left.
You didn't know any spells.
Your spell library was empty.

Dungeon Overview and Level Annotations

Branches:
Dungeon (3/15)              Sewer (1/1)

Altars:

Shops:
D:1 :


Innate Abilities, Weirdness & Mutations

You cannot be hasted, slowed, berserked, paralysed or teleported.
You can dig through walls and to a lower floor.
You have a pair of large antennae on your head. (SInv)
Your four strong arms can wield two-handed weapons with a shield.


Message History

The kobold brigand is lightly wounded.
You feel sick. The kobold brigand closely misses you.
You hit the kobold brigand.
The kobold brigand is moderately wounded.
You feel sick.
The kobold brigand hits you but does no damage.
You closely miss the kobold brigand.
The kobold brigand is moderately wounded.
You feel sick.
You are no longer poisoned.
The kobold brigand splashes around in the water.
You closely miss the kobold brigand.
The kobold brigand is moderately wounded.
You block the kobold brigand's attack.
The kobold brigand hits you with a +2 dagger of protection.
You completely miss the kobold brigand.
The kobold brigand is moderately wounded.
The kobold brigand hits you with a +2 dagger of protection.
You closely miss the kobold brigand.
The kobold brigand is moderately wounded.
The kobold brigand splashes around in the water.
You hit the kobold brigand but do no damage.
The kobold brigand is moderately wounded.
The kobold brigand hits you with a +2 dagger of protection.
You hit the kobold brigand but do no damage.
The kobold brigand is moderately wounded.
The kobold brigand hits you with a +2 dagger of protection. x2
You hit the kobold brigand.
The kobold brigand is heavily wounded.
The kobold brigand hits you but does no damage.
You closely miss the kobold brigand.
The kobold brigand is heavily wounded.
The kobold brigand hits you with a +2 dagger of protection!
* * * LOW HITPOINT WARNING * * *
You hit the kobold brigand but do no damage.
The kobold brigand is heavily wounded.
The kobold brigand hits you with a +2 dagger of protection.
* * * LOW HITPOINT WARNING * * *
The kobold brigand hits you with a +2 dagger of protection!
You die...

~...~~~.~#~#########..#
~~P.~...~#~#~~~~~~~~.##
≈..P~....#~#########..#
..~...~~#~..#~...##.##
###..P.~~#~##.#~~.####
~~~.P..~.#~########
###P.....#~#
≈.~...~.)#~###
≈~~..~..K@~.~#
≈~..~P.####### ≈≈≈~.~P
≈≈≈≈≈.~ ≈≈≈≈≈≈≈ ≈≈≈≈≈≈≈
≈≈≈≈≈≈≈ ≈≈≈≈≈≈≈


You could see a kobold brigand.

Vanquished Creatures
  A kobold brigand (Sewer)
  Terence (D:2)
  Robin (D:3)
  3 adders
  A river rat (Sewer)
  3 worms
  2 dart slugs (D:1)
  8 bats
  5 endoplasms
  3 giant cockroaches
  11 goblins
  7 hobgoblins
  4 jackals
  8 kobolds
  3 quokkas (D:3)
  5 ball pythons
  2 frilled lizards
  9 rats
77 creatures vanquished.

Vanquished Creatures (others)
  15 plants (Sewer)
15 creatures vanquished.

Grand Total: 92 creatures vanquished

Notes
Turn   | Place    | Note
-------+----------+-------------------------------------------
     0 | D:1      | CrazyBamboolord the Formicid Fighter began the quest for
                  | the Orb.
     0 | D:1      | Reached XP level 1. HP: 18/18 MP: 1/1
   177 | D:1      | Reached XP level 2. HP: 13/24 MP: 2/2
   301 | D:1      | Found Sufeac's Book Boutique.
   534 | D:1      | Reached XP level 3. HP: 29/29 MP: 3/3
  1234 | D:2      | Reached XP level 4. HP: 30/37 MP: 4/4
  1754 | D:2      | Noticed Terence
  1768 | D:2      | Killed Terence
  2232 | D:3      | Noticed Robin
  2242 | D:3      | Reached XP level 5. HP: 42/42 MP: 5/5
  2272 | D:3      | Killed Robin
  2531 | D:3      | Found a glowing drain.
  2549 | Sewer    | Entered a sewer
  2721 | Sewer    | Noticed a kobold brigand
  2752 | Sewer    | Killed a kobold brigand
  2753 | Sewer    | Reached skill level 5 in Shields
  2753 | Sewer    | Reached XP level 6. HP: 19/48 MP: 6/6
  2922 | Sewer    | Slain by a kobold brigand

Illustrated notes

Levels and vault maps discovered:
D:1:      lightli_arrival_quake, layout_basic, serial_shops, shop
D:2:      layout_loops_ring, uniq_terence
D:3:      layout_basic, chequers_temple_overflow_minitemple,
          hellmonk_ecumenical_altar_lost_god, portal_sewer_entry_f, uniq_robin
Sewer:    sewer_co_scattered_pipes

Skill      XL: |  1  2  3  4  5 |
---------------+----------------+-----
Long Blades    | 3 4 |  4.0
Fighting       | 4 |  4.3
Armour         | 4 |  4.5
Shields        | 5 |  5.0

Action                     |  1- 3 |  4- 6 || total
---------------------------+-------+-------++-------
  Melee: Long sword        |   120 |   214 ||   334
    Use: Scroll            |       |    10 ||    10
         Potion            |       |     2 ||     2
 Armour: Scale mail        |    66 |    81 ||   147
         Troll leather arm |       |     5 ||     5
  Dodge: Dodged            |    73 |    91 ||   164
  Block: Buckler           |    45 |    61 ||   106

Table legend: (Time is in decaauts)
 A = Elapsed time spent in this place.
 B = Non-inter-level travel time spent in this place.
 C = Inter-level travel time spent in this place.
 D = Time resting spent in this place.
 E = Time spent auto-exploring this place.
 F = Levels seen in this place.
 G = Mean time per level.
                   A        B        C        D        E       F      G
               +--------+--------+--------+--------+--------+-----+--------+
         Total |   3052 |   2845 |    207 |    238 |   1580 |   4 |  763.0 |
       Dungeon |   2621 |   2414 |    207 |     91 |   1580 |   3 |  873.7 |
         Sewer |    431 |    431 |      0 |    147 |      0 |   1 |  431.0 |
               +--------+--------+--------+--------+--------+-----+--------+

Top non-repeatable levels by time:
     D:1: 1197 daAuts
     D:2: 1004 daAuts
   Sewer: 431 daAuts
     D:3: 418 daAuts
